Map: Ascension to Aiur LE

Players

Gemini

  • Race: Protoss Protoss
  • League: Master
  • Spawn Location: 5:00

A.I. 1 (Very Easy) - Winner!

  • Race: Terran Terran
  • Spawn Location: 11:00

VOD

Have the link to the VOD?

Description

Time

  • Played on: Dec. 30, 2017, 10:36 p.m.
  • Length: 8:35
Show
View Real Time Build Order
Export as new Build Order

Gemini Protoss 

Build Orders: 1 Gate Expand, Blink Stalkers 

Get SALT Encoding   

  12  0:00  Probe  
  13  0:13  Probe  
  14  0:17  Pylon  
  14  0:25  Probe (Chrono Boost)  
  15  0:36  Gateway  
  15  0:37  Probe (Chrono Boost)  
  16  0:44  Probe (Chrono Boost)  
  16  0:46  Assimilator  
  17  0:51  Probe  
  18  1:03  Probe  
  19  1:15  Probe  
  20  1:22  Nexus  
  20  1:32  Cybernetics Core  
  20  1:35  Probe  
  21  1:41  Assimilator  
  21  1:47  Probe  
  21  1:50  Pylon  
  22  1:59  Probe  
  23  2:06  Stalker (Chrono Boost)  
  23  2:09  Warp Gate  
  23  2:11  Probe  
  26  2:24  Probe, Twilight Council  
  27  2:31  Stalker  
  27  2:35  Probe (Chrono Boost)  
  31  2:41  Probe (Chrono Boost)  
  32  2:45  Probe (Chrono Boost)  
  32  2:50  Probe x2 (Chrono Boost)  
  33  2:52  Blink (Chrono Boost)  
  34  3:00  Probe  
  34  3:01  Probe  
  36  3:12  Probe  
  37  3:16  Probe, Gateway  
  37  3:17  Gateway  
  38  3:24  Probe, Stalker  
  41  3:29  Probe, Pylon  
  42  3:36  Probe  
  43  3:41  Probe  
  44  3:48  Probe, Assimilator, Robotics Facility  
  44  3:53  Probe  
  46  4:00  Probe  
  47  4:03  Pylon  
  47  4:05  Probe  
  48  4:12  Probe  
  48  4:13  Stalker x2  
  53  4:18  Probe  
  53  4:20  Pylon  
  53  4:23  Stalker  
  56  4:27  Probe  
  56  4:30  Probe  
  58  4:36  Observer  
  59  4:39  Probe, Stalker x2  
  59  4:42  Probe  
  65  4:46  Stalker  
  65  4:49  Nexus  
  67  4:54  Pylon  
  67  4:55  Probe x2  
  67  4:59  Observer  
  70  5:10  Pylon  
  70  5:12  Probe x2  
  70  5:14  Forge  
  72  5:16  Forge  
  72  5:24  Probe x2, Sentry, Pylon  
  72  5:25  Sentry  
  78  5:29  Observer, Charge  
  78  5:34  Assimilator  
  79  5:36  Probe x2  
  79  5:37  Pylon  
  79  5:40  Protoss Ground Weapons Level 1 (Chrono Boost), Protoss Ground Armor Level 1 (Chrono Boost)  
  81  5:48  Probe x2  
  83  6:00  Probe x2  
  85  6:06  Gateway, Immortal  
  85  6:07  Probe, Gateway x2  
  85  6:11  Pylon  
  90  6:12  Probe  
  90  6:14  Probe  
  92  6:20  Probe  
  92  6:25  Probe  
  94  6:26  Probe  
  94  6:29  Zealot x3  
  101  6:34  Pylon  
  101  6:35  Probe  
  101  6:36  Pylon  
  101  6:37  Probe  
  101  6:38  Probe  
  104  6:46  Gateway  
  104  6:47  Probe, Gateway  
  104  6:51  Gateway  
  105  6:56  Gateway  
  105  6:57  Immortal  
  105  6:58  Gateway  
  109  7:05  Zealot x4  
  117  7:10  Zealot x2  
  121  7:28  Assimilator  
  121  7:32  Assimilator  
  121  7:35  Nexus, Zealot x3  
  127  7:37  Pylon  
  127  7:43  Zealot x4  
  135  7:49  Templar Archives  
  135  7:50  Pylon  
  135  8:02  Pylon  
  135  8:03  Stalker x3  
  135  8:05  Pylon  
  145  8:15  Zealot x3  
  145  8:19  Zealot x3  
  157  8:27  High Templar x3  
  157  8:29  High Templar  
Show
View Real Time Build Order
Export as new Build Order

A.I. 1 (Very Easy) Terran - Winner!

Build Orders:  

Get SALT Encoding   

  12  0:00  SCV  
  13  0:13  SCV  
  14  0:19  Supply Depot  
  14  0:38  Refinery  
  14  0:43  Barracks  
  14  1:05  Supply Depot  
  14  1:13  Refinery  
  14  1:29  SCV  
  14  1:30  Marine  
  16  1:41  SCV  
  17  1:53  SCV  
  18  2:05  SCV, Marine  
  20  2:18  SCV  
  21  2:30  SCV  
  22  2:40  Marine  
  22  2:42  Orbital Command  
  23  5:57  SCV, Marine  
  23  6:00  Supply Depot  
  23  6:02  Factory  
  23  6:09  SCV  
  23  6:22  SCV  
  23  6:23  Supply Depot  
  24  6:29  Marine  
  25  6:34  SCV  
  26  6:46  SCV  
  27  6:48  Barracks Tech Lab, Starport  
  27  6:52  Command Center  
  27  7:06  Marine  
  28  7:24  Starport Tech Lab  
  28  7:38  Marauder  
  29  7:44  Raven  
  31  8:03  SCV  
  32  8:09  Marine  
  32  8:11  SCV  
  34  8:13  Refinery  
  34  8:15  Refinery  
  34  8:18  SCV  
Tags
 
Add a new tag
Caveats
  • Supply blocks, unpowered buildings, or Contaminate may cause inaccurate times.
  • Supply counts are checked every 10 seconds.